 Dungeon Crawl Stone Soup version 0.30.0-29-ga12c61a403 (webtiles) character file.

Game seed: 14012162401102448010

35 GimliDwarf the Gusty (level 3, 0/19 HPs)
             Began as a Tengu Air Elementalist on June 7, 2023.
             Was a High Priest of Ignis.
             Succumbed to an adder's poison
             ... on level 2 of the Dungeon.
             The game lasted 00:04:46 (1204 turns).

GimliDwarf the Gusty (Tengu Air Elementalist)       Turns: 1204, Time: 00:04:47

Health: 0/19       AC:  3    Str:  8    XL:     3   Next: 33%
Magic:  2/7        EV: 12    Int: 17    God:    Ignis [*****.]
Gold:   63         SH:  0    Dex: 14    Spells: 4/7 levels left

rFire   + . .        k - +0 long sword
rCold   . . .        (no shield)
rNeg    . . .        a - +0 robe
rPois   .            (helmet restricted)
rElec   .            (no cloak)
rCorr   .            j - +0 pair of gloves
SInv    .            (boots unavailable)
Will    .....        (no amulet)
Stlth   ++           (no ring)
HPRegen 0.23/turn    (no ring)
MPRegen 0.10/turn

%: no passive effects
@: lethally poisoned (0 -> -2), attractive, flying
A: beak, talons 3
a: Renounce Religion, Fiery Armour, Foxfire Swarm, Rising Flame


You were on level 2 of the Dungeon.
You worshipped Ignis.
Ignis was extremely pleased with you.
You visited 1 branch of the dungeon, and saw 2 of its levels.

You collected 63 gold pieces.

Inventory:

Hand Weapons
 k - a +0 long sword (weapon)
Missiles
 e - a throwing net
Armour
 a - a +0 robe (worn)
 j - a +0 pair of gloves (worn)
Scrolls
 c - 3 scrolls of magic mapping {unknown}
 f - 3 scrolls of identify {unknown}
 g - a scroll of vulnerability {unknown}
 h - a scroll of enchant armour {unknown}
Potions
 b - a potion of magic
 m - a potion of curing {unknown}
 n - a potion of brilliance {unknown}


   Skills:
 - Level 2.1 Dodging
 - Level 2.0 Stealth
 + Level 2.5 Spellcasting
 * Level 2.3 Conjurations
 + Level 4.8 Air Magic


You had 4 spell levels left.
You knew the following spells:

 Your Spells              Type           Power      Damage    Failure   Level
a - Shock                 Conj/Air       56%        1d6       4%          1
b - Static Discharge      Conj/Air       28%        2-4/arc   6%          2

Your spell library contained the following spells:

 Spells                   Type           Power      Damage    Failure   Level
 Swiftness                Air            18%        N/A       8%          3
 Airstrike                Air            9%         2d(2-18)  26%         4


Dungeon Overview and Level Annotations

Branches:
Dungeon (2/15)

Altars:
Ignis


Innate Abilities, Weirdness & Mutations

You have a beak for a mouth.
You have claws for feet.


Message History

You feel sick. The adder barely misses you.
Aiming: Shock (safe; 4% risk of failure)
Press: ? - help, Q - select action, (/) - cycle Shift-Dir - straight line, f/p - adder
Aim: an adder (severely wounded, 53% to hit)
The zap misses the adder.
You feel sick. The adder bites you.
You are lethally poisoned!
The adder poisons you!
Aiming: Shock (safe; 4% risk of failure)
Press: ? - help, Q - select action, (/) - cycle Shift-Dir - straight line, f/p - adder
Aim: an adder (severely wounded, 53% to hit)
The zap hits the adder.
The adder is almost dead.
You feel sick. The adder closely misses you.
Aiming: Shock (safe; 4% risk of failure)
Press: ? - help, Q - select action, (/) - cycle Shift-Dir - straight line, f/p - adder
Aim: an adder (almost dead, 53% to hit)
The zap hits the adder.
The adder is almost dead.
* * * LOW HITPOINT WARNING * * *
You feel sick. The adder closely misses you.
The adder bites you but does no damage.
You miss the adder. You claw the adder.
You kill the adder!
* * * LOW HITPOINT WARNING * * *
You feel sick.
* * * LOW HITPOINT WARNING * * *
You feel sick.
There is a lethal amount of poison in your body!
It was a potion of cancellation.
You feel magically purged.
* * * LOW HITPOINT WARNING * * *
You feel sick.
It was a potion of attraction.
You feel attractive to monsters.
* * * LOW HITPOINT WARNING * * *
You feel sick.
It was a potion of flight.
You feel very buoyant.
You fly up into the air.
You die...

#...รท .#######
#######..#. ......<#
#...<...##. #.....#
#....##.### #.....#
#....###### #.....#
#...#.###..
#.....#######...##..##
#..............##.####
#....@########........
#.....# #.#######
#..!..# #........
#.....# ####.####
####### ##..## ###..
### # #


There were no monsters in sight!

Vanquished Creatures
  2 adders (D:2)
  A dart slug (D:1)
  An endoplasm (D:2)
  A giant cockroach (D:1)
  4 hobgoblins
  A ball python (D:1)
  3 bats
  A kobold (D:1)
  2 rats
16 creatures vanquished.

Notes
Turn   | Place    | Note
-------+----------+-------------------------------------------
     0 | D:1      | GimliDwarf the Tengu Air Elementalist began the quest for
                  | the Orb.
     0 | D:1      | Reached XP level 1. HP: 10/10 MP: 4/4
   275 | D:1      | Found a faded altar of an unknown god.
   283 | D:1      | Prayed at the altar of an unknown god.
   283 | D:1      | Became a worshipper of Ignis, the Dying Flame
   375 | D:1      | Reached XP level 2. HP: 15/15 MP: 1/6
   378 | D:1      | Learned a level 2 spell: Static Discharge
   935 | D:2      | Reached XP level 3. HP: 19/19 MP: 0/7
  1204 | D:2      | Succumbed to an adder's poison

Illustrated notes

Levels and vault maps discovered:
D:1:      elethiomel_arrival_quiet, layout_rooms, basic_ecumenical_altar
D:2:      minmay_alternating_diamond, layout_rooms, interstate_on_off,
          eino_tiny_chamber, glass_columns_b, minmay_pentomino_x2

Skill      XL: |  1  2 |
---------------+-------+-----
Conjurations   | 2 |  2.3
Dodging        | |  2.1
Stealth        | |  2.0
Spellcasting   | |  2.5
Air Magic      | |  4.8

Action                     || total
---------------------------++-------
  Melee: Long sword        ||     3
         Kick              ||     2
   Cast: Shock             ||    47
    Use: Potion            ||     3
 Armour: Robe              ||     2
  Dodge: Dodged            ||    14
